 Dungeon Crawl Stone Soup version 0.31-a0-240-gb923e448b6 (webtiles) character file.

Game seed: 390489434644680054

258 qw the Shooter (level 5, -1/45 HPs)
             Began as a Minotaur Hexslinger on July 11, 2023.
             Slain by a hound (4 damage)
             ... on level 4 of the Dungeon.
             The game lasted 00:01:17 (2499 turns).

qw the Shooter (Minotaur Hexslinger)                Turns: 2499, Time: 00:01:17

Health: -1/45      AC:  6    Str: 12    XL:     5   Next: 94%
Magic:  5/5        EV: 11    Int: 10    God:
Gold:   106        SH:  0    Dex: 15    Spells: 5/6 levels left

rFire   + . .        Y - +2 sling
rCold   . . .        (no shield)
rNeg    . . .        g - +0 ring mail
rPois   .            (helmet restricted)
rElec   .            (no cloak)
rCorr   .            (no gloves)
SInv    .            c - +0 pair of boots
Will    .....        (no amulet)
Stlth   +            i - ring of protection from fire
HPRegen 0.27/turn    (no ring)
MPRegen 0.09/turn

%: no passive effects
@: no status effects
A: horns 2, retaliatory headbutt
a: no special abilities


You were on level 4 of the Dungeon.
You visited 1 branch of the dungeon, and saw 4 of its levels.

You collected 106 gold pieces.


Innate Abilities, Weirdness & Mutations

You have a pair of horns on your head.
You reflexively headbutt those who attack you in melee.


   Skills:
 + Level 3.1 Fighting
 - Level 6.1 Ranged Weapons
 - Level 1.3 Armour
 - Level 2.1 Dodging
 - Level 1.0 Spellcasting
 - Level 2.0 Hexes


You had 5 spell levels left.
You knew the following spells:

 Your Spells              Type           Power      Damage    Failure   Level
a - Slow                  Hex            16%        N/A       32%         1

Your spell library contained the following spells:

 Spells                   Type           Power      Damage    Failure   Level
 Inner Flame              Hex/Fire       2%         N/A       83%         3
 Portal Projectile        Hex/Tloc       4%         N/A       83%         3
 Cause Fear               Hex            2%         N/A       97%         4

Inventory:

Hand Weapons
 Y - a +2 sling (weapon)
Armour
 c - a +0 pair of boots (worn)
 g - a +0 ring mail (worn)
Jewellery
 i - a ring of protection from fire (left hand)
Potions
 d - a potion of might {unknown}
 f - a potion of enlightenment

Dungeon Overview and Level Annotations

Branches:
Dungeon (4/15)
 Temple: D:4-7

Altars:
Nemelex Xobeh


Message History

Beogh smites you!
A goblin comes into view. It is wielding a +0 club.
The orc priest misses you.
2491 ||| READING scroll of teleportation.
As you read the scroll of teleportation, it crumbles to dust.
You feel strangely unstable. The orc priest hits you with a +0 club.
You shoot a sling bullet.
The sling bullet closely misses the orc priest.
The goblin hits you but does no damage. The orc priest barely misses you.
You shoot a sling bullet.
The sling bullet barely misses the orc priest.
The goblin barely misses you.
The orc priest looks encouraged for a moment.
You shoot a sling bullet. The sling bullet hits the orc priest.
The orc priest is almost dead.
The goblin hits you but does no damage.
The orc priest hits you but does no damage.
You shoot a sling bullet. The sling bullet hits the orc priest.
You kill the orc priest!
Your surroundings suddenly seem different. 3 gnolls and 2 hounds come into view.
Found a stone staircase leading up.
The hound barks!
The gnoll shouts! x3
Your Ranged Weapons skill increases to level 6!
You shoot a sling bullet. The sling bullet hits the gnoll.
The gnoll is lightly wounded.
The gnoll hits you but does no damage.
You shoot a sling bullet.
The sling bullet hits the hound but does no damage.
The hound misses you. The gnoll hits you with a +0 flail.
The hound bites you but does no damage.
You shoot a sling bullet.
The sling bullet barely misses the hound.
The hound bites you but does no damage. The gnoll hits you with a +0 flail.
The hound bites you.
You shoot a sling bullet. The sling bullet hits the hound!
The hound is moderately wounded.
The hound bites you.
You die...

# .# .. #.
#. #. ###
#.##...##
#.@g....#
#.hh.....#
#..gg......
#...........
#.<.........
##..........
...........
#...........


You could see 2 hounds and 3 gnolls.

Vanquished Creatures
  2 orc priests
  An iguana (D:3)
  An orc wizard (D:4)
  5 adders
  A dart slug (D:3)
  7 orcs
  11 ball pythons
  10 endoplasms
  3 giant cockroaches
  4 goblins
  5 hobgoblins
  13 jackals
  A quokka (D:1)
  11 bats
  2 frilled lizards
  11 kobolds
  5 rats
93 creatures vanquished.

Notes
Turn   | Place    | Note
-------+----------+-------------------------------------------
     0 | D:1      | qw the Minotaur Hexslinger began the quest for the Orb.
     0 | D:1      | Reached XP level 1. HP: 16/16 MP: 1/1
     0 | D:1      | 0 ||| qw: Version: 0.3-a-52-g30416fa
     0 | D:1      | 0 ||| qw: Game counter: 6039
     0 | D:1      | 0 ||| qw: Melee chars always use a shield: true
     0 | D:1      | 0 ||| qw: God list: Okawaru
     0 | D:1      | 0 ||| qw: Allow faded altars: false
     0 | D:1      | 0 ||| qw: Do Orc after clearing Dungeon:15 true
     0 | D:1      | 0 ||| qw: Do second Lair branch before Depths: true
     0 | D:1      | 0 ||| qw: Lair rune preference: random
     0 | D:1      | 0 ||| qw: Goals: Normal
     0 | D:1      | 0 ||| PLANNING D:1-11
   151 | D:1      | Reached skill level 3 in Ranged Weapons
   154 | D:1      | Reached XP level 2. HP: 23/23 MP: 2/2
   481 | D:1      | Reached XP level 3. HP: 27/29 MP: 3/3
   553 | D:1      | Found a faded altar of an unknown god.
   665 | D:1      | 665 ||| READING 2 scrolls labelled HEXOCL FISIPI.
   666 | D:1      | 666 ||| READING scroll labelled WIRACU COIJUCO.
   667 | D:1      | 667 ||| DROPPING scroll of revelation.
   668 | D:1      | 668 ||| DROPPING scroll of poison.
   910 | D:2      | Reached skill level 4 in Ranged Weapons
  1347 | D:2      | Reached XP level 4. HP: 13/36 MP: 4/4
  1450 | D:2      | 1450 ||| UPGRADING to +0 leather armour.
  1460 | D:2      | 1460 ||| DROPPING +0 robe.
  1461 | D:2      | 1461 ||| UPGRADING to +0 ring mail.
  1471 | D:2      | 1471 ||| DROPPING +0 leather armour.
  1472 | D:2      | 1472 ||| UPGRADING to ring of protection from fire.
  1473 | D:2      | 1473 ||| READING scroll labelled MUCATO WEMIO.
  1474 | D:2      | 1474 ||| READING scroll labelled KEUROCW CEKE.
  1475 | D:2      | 1475 ||| DRINKING 2 brown potions.
  1476 | D:2      | 1476 ||| DRINKING 2 smoky silvery potions.
  1536 | D:3      | Reached skill level 1 in Armour
  1738 | D:3      | HP: 7/36 [orc priest/nerve-wracking pain (13)]
  1740 | D:3      | Reached skill level 5 in Ranged Weapons
  1740 | D:3      | Reached XP level 5. HP: 8/41 MP: 5/5
  1790 | D:3      | 1790 ||| FLEEEEING.
  1791 | D:3      | 1791 ||| FLEEEEING.
  1792 | D:3      | 1792 ||| FLEEEEING.
  1793 | D:3      | 1793 ||| FLEEEEING.
  1795 | D:3      | 1795 ||| FLEEEEING.
  1796 | D:3      | 1796 ||| FLEEEEING.
  1797 | D:3      | 1797 ||| FLEEEEING.
  1798 | D:3      | 1798 ||| FLEEEEING.
  1799 | D:3      | 1799 ||| FLEEEEING.
  1800 | D:3      | 1800 ||| FLEEEEING.
  1801 | D:3      | 1801 ||| FLEEEEING.
  1802 | D:3      | 1802 ||| FLEEEEING.
  1803 | D:3      | 1803 ||| FLEEEEING.
  1804 | D:3      | 1804 ||| FLEEEEING.
  1805 | D:3      | 1805 ||| FLEEEEING.
  1806 | D:3      | 1806 ||| FLEEEEING.
  1807 | D:3      | 1807 ||| FLEEEEING.
  1808 | D:3      | 1808 ||| FLEEEEING.
  1809 | D:3      | 1809 ||| FLEEEEING.
  1810 | D:3      | 1810 ||| FLEEEEING.
  1811 | D:3      | 1811 ||| FLEEEEING.
  1812 | D:3      | 1812 ||| FLEEEEING.
  1813 | D:3      | 1813 ||| FLEEEEING.
  1814 | D:3      | 1814 ||| FLEEEEING.
  1815 | D:3      | 1815 ||| FLEEEEING.
  1816 | D:3      | 1816 ||| FLEEEEING.
  1817 | D:3      | 1817 ||| FLEEEEING.
  1819 | D:3      | 1819 ||| FLEEEEING.
  1820 | D:3      | 1820 ||| FLEEEEING.
  1821 | D:3      | 1821 ||| FLEEEEING.
  1822 | D:3      | 1822 ||| FLEEEEING.
  1823 | D:3      | 1823 ||| FLEEEEING.
  1824 | D:3      | 1824 ||| FLEEEEING.
  1826 | D:3      | 1826 ||| FLEEEEING.
  1827 | D:3      | 1827 ||| FLEEEEING.
  1828 | D:3      | 1828 ||| FLEEEEING.
  1829 | D:3      | 1829 ||| FLEEEEING.
  1830 | D:3      | 1830 ||| FLEEEEING.
  1831 | D:3      | 1831 ||| FLEEEEING.
  1832 | D:3      | 1832 ||| FLEEEEING.
  1833 | D:3      | 1833 ||| FLEEEEING.
  1834 | D:3      | 1834 ||| FLEEEEING.
  1835 | D:3      | 1835 ||| FLEEEEING.
  1836 | D:3      | 1836 ||| FLEEEEING.
  1838 | D:3      | 1838 ||| FLEEEEING.
  1839 | D:3      | 1839 ||| FLEEEEING.
  1840 | D:3      | 1840 ||| FLEEEEING.
  1841 | D:3      | 1841 ||| FLEEEEING.
  1842 | D:3      | 1842 ||| FLEEEEING.
  1843 | D:3      | 1843 ||| FLEEEEING.
  1844 | D:3      | 1844 ||| FLEEEEING.
  1845 | D:3      | 1845 ||| FLEEEEING.
  1846 | D:3      | 1846 ||| FLEEEEING.
  1847 | D:3      | 1847 ||| FLEEEEING.
  1848 | D:3      | 1848 ||| FLEEEEING.
  1849 | D:3      | 1849 ||| FLEEEEING.
  1850 | D:3      | 1850 ||| FLEEEEING.
  1851 | D:3      | 1851 ||| FLEEEEING.
  1852 | D:3      | 1852 ||| FLEEEEING.
  1853 | D:3      | 1853 ||| FLEEEEING.
  1854 | D:3      | 1854 ||| FLEEEEING.
  1855 | D:3      | 1855 ||| FLEEEEING.
  1857 | D:3      | 1857 ||| FLEEEEING.
  1859 | D:3      | 1859 ||| FLEEEEING.
  1861 | D:3      | 1861 ||| FLEEEEING.
  1862 | D:3      | 1862 ||| FLEEEEING.
  1971 | D:3      | Found a sparkling altar of Nemelex Xobeh.
  2108 | D:3      | Reached skill level 3 in Fighting
  2417 | D:3      | 2417 ||| UPGRADING to +0 pair of boots.
  2422 | D:3      | 2422 ||| READING 2 scrolls labelled DIASONTUIRR.
  2427 | D:3      | 2427 ||| READING scroll labelled ZUMYUN MYSON.
  2428 | D:3      | 2428 ||| READING scroll labelled ZETELI ZARIG.
  2488 | D:4      | 2488 ||| DRINKING potion of curing.
  2488 | D:4      | 2488 ||| (to cure confusion)
  2490 | D:4      | HP: 9/45 [orc priest/divine providence (11)]
  2491 | D:4      | 2491 ||| READING scroll of teleportation.
  2496 | D:4      | Reached skill level 6 in Ranged Weapons
  2497 | D:4      | HP: 6/45 [gnoll/+0 flail (1)]
  2498 | D:4      | HP: 2/45 [hound (1)]
  2499 | D:4      | Slain by a hound

Levels and vault maps discovered:
D:1:      minmay_arrival_four_houses, layout_loops_ring,
          ebering_ecumenical_altar_hall
D:2:      layout_loops_cross, kennysheep_generic_room_6
D:3:      layout_loops_ring, nemelex_diamond_rough_becter
D:4:      layout_cave_pods, grunt_temple_overflow_open

Skill      XL: |  1  2  3  4  5 |
---------------+----------------+-----
Ranged Weapons | 3 4 5 6 |  6.1
Fighting       | 2 3 |  3.1
Armour         | 1 |  1.3
Dodging        | |  2.1
Spellcasting   | |  1.0
Hexes          | |  2.0

Action                     |  1- 3 |  4- 6 || total
---------------------------+-------+-------++-------
   Fire: Sling             |   142 |   131 ||   273
    Use: Scroll            |     2 |     6 ||     8
         Potion            |       |     3 ||     3
 Armour: Robe              |     7 |       ||     7
         Ring mail         |       |    29 ||    29
  Dodge: Dodged            |    39 |    49 ||    88

Table legend:
 A = Non-vault XP
 B = Vault XP
 C = Vault XP percentage of total XP
 D = Non-vault monster count
 E = Vault monster count
 F = Vault count percentage of total count
                 A         B        C        D         E       F
            +---------+---------+-------+---------+---------+-------
      Total |     365 |       4 |   1.1 |      91 |       2 |   2.2
            +---------+---------+-------+---------+---------+-------
        D:1 |      45 |       0 |   0.0 |      27 |       0 |   0.0
        D:2 |      55 |       4 |   6.8 |      27 |       2 |   6.9
        D:3 |     182 |       0 |   0.0 |      33 |       0 |   0.0
        D:4 |      83 |       0 |   0.0 |       4 |       0 |   0.0
            +---------+---------+-------+---------+---------+-------
